← All builds
Tech / Armada / Economy first / OBSERVED BUILD

Standard tech

Standard Tech play: rush T2 factory and constructor by ~4:15-4:33, upgrade the first mexes to advanced, and hand off constructors and army to Geo and allies while scaling eco over the game.

Usually first T2 con to Geo (85%)

#eco #t2 #team support · 681 distinct matches · 101 players · 59% of Armada Tech games · team won 53% of 793 · Recently observed

HOW TO PLAY IT

Key timing: T2 lab by 4:15

  1. Take 3 mex, then wind and a Bot Lab to open eco fast.
  2. Push T2 lab out, aim to pass T2 to air player.
  3. Get first T2 constructor building, prioritize mex upgrades over eco.
  4. Finish Advanced Metal Extractor, keep upgrading team's mex.
  5. Add fus and anti-nuke, keep feeding T2 cons and Umbrella/Citadel to team.

Phase by phase

TYPICAL OF ITS 681 GAMES
  1. 1
  2. 2
  3. 3
  4. 4
PLAY THE OPENING

Follow the example game's first 6:00 step by step: what to build now, what comes next, and where it goes. At 1× it keeps pace with your own game.

  1. 1

    Up to the Bot Lab

    Economy
    • Metal Extractor3Mex
    • Wind Turbine4Wind
    Order
    1. Bot LabBot Lab after 3 mex, 4 winddone ~1:18, middle half 1:13–1:32

    Some games also: energy storage (30%)

    By 1:01 in all: 3 mex · 4 wind

    The example game in this phase · 5 steps
    1. Mex ×3
    2. Wind ×4
    3. Energy storage
    4. Solar
    5. Bot LabBot Labdone 1:43 · typical 1:18
  2. 2

    Bot Lab to Advanced Bot Lab

    Economy
    • Metal Extractor1Mex
    • Wind Turbine8Wind
    • Energy Storage1Energy storage
    Order
    1. Advanced Bot LabAdvanced Bot Lab after 4 mex, 12 wind, 3 con turretdone ~4:15, middle half 4:04–4:27
    Builders
    • Construction Turret3 Con turret
    • Lazarus3 Lazarus
    • Construction Bot2 Con bot
    • Construction Bot1 Con bot for allies

    Some games also: converter (36%)

    By 3:20 in all: 4 mex · 12 wind · 1 energy storage · 3 con turret

    The example game in this phase · 14 steps
    1. LazarusLazarus
    2. Wind
    3. Construction BotCon bot
    4. LazarusLazarus
    5. Construction BotCon bot
    6. LazarusLazarus
    7. Con turret
    8. Construction BotCon botfor Air
    9. Mex
    10. Wind
    11. Con turret
    12. Converter
    13. Con turret
    14. Advanced Bot LabAdvanced Bot Labdone 3:58 · typical 4:15
  3. 3

    Advanced Bot Lab to 5:00

    Economy
    • Wind Turbine2Wind
    Builders
    • Advanced Construction Bot1 T2 con bot for allies

    Some games also: converter (35%)

    By 5:00 in all: 4 mex · 15 wind · 2 converter · 1 energy storage · 3 con turret

    The example game in this phase · 7 steps
    1. Wind ×3
    2. Advanced Construction BotT2 con botfor Geo
    3. Advanced Metal ExtractorT2 mexdone 4:55 · typical 5:28
    4. Wind
    5. Advanced Construction BotT2 con botfor Air
    6. Wind ×2
    7. FatboyFatboyfor Ponddone 5:48
  4. 4

    5:00 to 10:00

    Economy
    • Wind Turbine43Wind
    • Energy Converter5Converter
    Builders
    • Butler8 Butler
    • Advanced Construction Bot4 T2 con bot for allies
    • Advanced Construction Bot1 T2 con bot

    Some games also: con turret (46%) · Butler for allies (38%)

    By 10:00 in all: 4 mex · 58 wind · 7 converter · 1 energy storage · 3 con turret

    The example game in this phase · 136 steps
    1. Advanced Metal ExtractorT2 mex
    2. Wind
    3. Advanced Metal ExtractorT2 mex
    4. Con turret
    5. Wind
    6. Converter
    7. HoundHound
    8. SmugglerJammer bot
    9. CompassRadar botfor Suicide front
    10. Wind
    11. Converter
    12. SmugglerJammer botfor Suicide front
    13. Converter
    14. HoundHoundfor Suicide front
    15. Converter
    16. Wind
    17. HoundHoundfor Suicide front
    18. Wind
    19. HoundHoundfor Suicide front
    20. Wind ×2
    21. HoundHoundfor Suicide front
    22. Wind ×3
    23. Advanced Construction BotT2 con botfor Beach sea
    24. Wind
    25. ButlerButler
    26. Wind ×2
    27. ButlerButler ×2
    28. Wind
    29. Advanced Metal ExtractorT2 mex
    30. Advanced Construction BotT2 con botfor Pond
    31. Wind
    32. ButlerButler ×2
    33. Wind
    34. ButlerButler
    35. Wind ×2
    36. Advanced Construction BotT2 con botfor Geo sea
    37. Wind ×11
    38. ButlerButlerfor Beach sea
    39. Wind ×3
    40. ButlerButler
    41. Wind ×5
    42. ButlerButler
    43. Wind ×6
    44. ButlerButler
    45. Wind
    46. Advanced Construction BotT2 con botfor Front
    47. Wind
    48. Energy storage
    49. Wind ×15
    50. Energy storage
    51. Wind ×2
    52. ButlerButler
    53. Wind ×7
    54. Energy storage
    55. Wind ×7
    56. ButlerButler
    57. Wind ×4
    58. ButlerButler
    59. Wind ×3
    60. Converter
    61. Wind
    62. UmbrellaAnti-nukedone 11:26
    63. Wind ×3
    64. Converter
    65. Wind ×8
    66. Converter
    67. Wind ×2
    68. ButlerButler
    69. Wind
    70. Converter
    71. Wind
    72. Advanced Construction BotT2 con bot
    73. Wind ×2
    74. Converter
    75. Wind ×5
    76. ButlerButler
    77. Wind ×2
    78. Converter
    79. Wind ×2
    80. ButlerButler
    81. Wind
    82. TracerTracer
    83. Wind
    84. Converter
    85. Wind
    86. Converter
    87. ButlerButler
    88. Wind
    89. Converter ×2
    90. ButlerButler
    91. Wind ×2
    92. Converter
    93. Wind
    94. Metal storage
    95. ButlerButler
    96. Converter ×3
    97. ButlerButler
    98. Wind ×2
    99. Converter
    100. Wind ×2
    101. Converter
    102. ButlerButler
    103. Wind ×4
    104. Converter ×2
    105. Wind ×2
    106. ButlerButler
    107. Wind ×3
    108. Converter
    109. Wind
    110. Converter
    111. Wind ×4
    112. Converter
    113. Wind ×7
    114. Converter ×2
    115. Wind ×5
    116. Converter
    117. Wind ×3
    118. Converter
    119. Wind ×5
    120. Converter ×3
    121. Wind ×7
    122. Con turret
    123. Wind
    124. Converter ×2
    125. Wind ×5
    126. Converter
    127. Con turret
    128. Wind ×2
    129. Converter
    130. Wind
    131. Converter ×2
    132. Wind
    133. Advanced Fusion ReactorAdvanced Fusion Reactornot finished by 15:00
    134. Wind ×2
    135. Con turret
    136. Converter ×2

Counts are medians over the build's games: half of them build more, half fewer. The example game is Godmother13's (37 OS, 21/09/2026); pick another.

Team trades

IN AT LEAST 30% OF ITS GAMES

You hand over

  • Construction Bot1 Con bot to Airfirst at 2:22 · in 88% of games
  • Advanced Construction Bot5 T2 con bot to Air or Pond or Geo seafirst at 4:46 · in 99% of games
  • Sharpshooter2 Sniper bot to Pondfirst at 5:23 · in 33% of games
  • Butler2 Butler to Geo sea or Beach sea or Pondfirst at 9:03 · in 42% of games

You get

  • Hercules1 Light transport from Airfirst at 3:59 · in 85% of games

How it plays out

Typical game of this build, running totals by minute

Metal produced

020k40k
0:005:0010:0015:00

metal

Enemy metal destroyed

0200400
0:005:0010:0015:00

metal

Own metal lost

0100200300
0:005:0010:0015:00

metal

793 games.

Show as table
ByMetal produced: This buildEnemy metal destroyed: This buildOwn metal lost: This build
1:0038300
2:0091500
3:00163500
4:00314800
5:00486300
6:00580700
7:00722000
8:00906100
9:001124700
10:001355300
11:001634200
12:001985000
13:002364400
14:0027360125130
15:0031473385260
WHAT THE NUMBERS SAY

This is the role's baseline and wins slightly more than half its games with a huge metal lead but almost no kills, showing its value is economic not combat.

  • + Produces 31389 metal by 15:00, far above other roles.
  • + Reaches T2 lab and constructor by 4:15-4:33 almost every game.
  • − Barely destroys any enemy metal (400 by 15:00), no combat presence.
  • − Fusion Reactor and anti-nuke only land in 44% of games.
THE EXAMPLE YOU ARE READING

Godmother13

37.1 OS · 21/09/2026

Open source match ↗

2 received units
3248 metal received · 66223 energy received

Allied construction assistance is unknown. Timings are observations, not a promise of solo reproducibility.

Typical milestones

Bot Lab1:18Middle 50%: 1:13–1:32 · n=793
Advanced Bot Lab4:15Middle 50%: 4:04–4:27 · n=787
Advanced Metal Extractor5:28Middle 50%: 5:06–5:58 · n=791

Played most by

Amrissa100games of this buildSyphos34games of this buildKOT_33games of this buildTeaner28games of this buildAdeus26games of this build